 Dungeon Crawl Stone Soup version 0.29.1-1-gd02db6906a (webtiles) character file.

Game seed: 727455631227447715

643 xian the Magician (level 7, 0/32 HPs)
             Began as a Spriggan Air Elementalist on Oct 2, 2022.
             Was an Initiate of Vehumet.
             Succumbed to a killer bee's poison
             ... on level 4 of the Dungeon.
             The game lasted 00:12:05 (4872 turns).

xian the Magician (Spriggan Air Elementalist)       Turns: 4872, Time: 00:12:05

Health: 0/32       AC:  6    Str:  4    XL:     7   Next: 26%
Magic:  1/16       EV: 17    Int: 18    God:    Vehumet [......]
Gold:   223        SH:  0    Dex: 16    Spells: 11/17 levels left

rFire   . . .      SeeInvis +   d - +3 dagger (holy)
rCold   . . .      Faith    .   (no shield)
rNeg    . . .      Spirit   +   a - +0 robe
rPois   .          Reflect  .   (helmet restricted)
rElec   .          Harm     .   (no cloak)
rCorr   .          Rampage  .   (gloves unavailable)
Will    +....                   (boots unavailable)
Stlth   +++.......              m - amulet of guardian spirit
HPRegen 0.10/turn               n - +4 ring of protection
MPRegen 0.15/turn               o - ring of flight

@: mighty, lethally poisoned (0 -> -2), flying, very quick
A: very small, no large weapons, unfitting armour, see invisible, speed 3, claws
1, screaming 1
a: Renounce Religion


You were on level 4 of the Dungeon.
You worshipped Vehumet.
Vehumet was noncommittal.
You visited 1 branch of the dungeon, and saw 4 of its levels.

You collected 233 gold pieces.
You spent 10 gold pieces at shops.

Inventory:

Hand Weapons
 d - a +3 dagger of holy wrath (weapon)
 f - a +0 dagger of venom
Armour
 a - a +0 robe (worn)
Jewellery
 m - an amulet of guardian spirit (around neck)
 n - a +4 ring of protection (left claw)
 o - a ring of flight (right claw)
 t - a ring of protection from cold
 v - a +6 ring of dexterity
Wands
 p - a wand of digging (8)
 r - a wand of polymorph (9)
Scrolls
 h - a scroll of fear {unknown}
 i - 2 scrolls of magic mapping
 j - 2 scrolls of poison
 k - 2 scrolls of identify {unknown}
 q - a scroll of butterflies {unknown}
 s - a scroll of vulnerability {unknown}
 u - 2 scrolls of blinking {unknown}
Potions
 b - a potion of magic
 l - a potion of attraction {unknown}


   Skills:
 + Level 0.1 Fighting
 + Level 1.5 Short Blades
 + Level 3.0 Dodging
 + Level 3.7 Stealth
 + Level 5.5 Spellcasting
 + Level 3.3 Conjurations
 + Level 4.7 Air Magic


You had 11 spell levels left.
You knew the following spells:

 Your Spells              Type           Power      Damage    Failure   Level
a - Shock                 Conj/Air       76%        1d7       2%          1
b - Static Discharge      Conj/Air       19%        3-6/arc   3%          2
c - Swiftness             Air            22%        N/A       5%          3

Your spell library contained the following spells:

 Spells                   Type           Power      Damage    Failure   Level
 Airstrike                Air            11%        2d(2-18)  19%         4


Dungeon Overview and Level Annotations

Branches:
Dungeon (4/15)             Temple (0/1) D:4

Altars:
Vehumet
Yredelemnul

Shops:
D:2 [   D:3 *


Innate Abilities, Weirdness & Mutations

You are very small and have problems with some larger weapons.
You are too small for most types of armour.
You have supernaturally acute eyesight. (SInv)
You cover ground extremely quickly. (Speed+++)
You have sharp fingernails.
You occasionally shout uncontrollably at your foes.


Message History

You hit the killer bee.
The killer bee is severely wounded.
You feel sick. The killer bee barely misses you.
Unknown command.
You hit the killer bee but do no damage.
The killer bee is severely wounded.
You feel sick.
The killer bee misses you. x2; The killer bee stings you.
You are more poisoned.
The killer bee poisons you!
Unknown command.
You closely miss the killer bee.
The killer bee is severely wounded.
You feel sick. The killer bee stings you.
* * * LOW HITPOINT WARNING * * *
The killer bee stings you but does no damage.
The killer bee closely misses you. The killer bee misses you.
Unknown command.
You hit the killer bee.
You kill the killer bee!
Vehumet accepts your kill.
You feel sick. The killer bee barely misses you.
Unknown command.
You barely miss the killer bee.
* * * LOW HITPOINT WARNING * * *
You feel sick. The killer bee completely misses you.
The killer bee stings you but does no damage.
Unknown command.
You closely miss the killer bee. The killer bee closely misses you. x2
Unknown command.
You hit the killer bee but do no damage.
You feel sick. The killer bee misses you. The killer bee stings you.
* * * LOW HITPOINT WARNING * * *
Unknown command.
It was a potion of mutation.
You feel extremely strange.
Your fingernails lengthen.
You feel the urge to shout.
* * * LOW HITPOINT WARNING * * *
You feel sick. The killer bee misses you. x2
It was a potion of might.
You feel very mighty all of a sudden.
You die...

###*##................
##.###.................
##.......[..........##..
#.###☼........##...####.
###*##°.##..####........
##.###.##*#.#* #........
#...○.☼# *#.#*#........
#.####°## *...##.......
*** #)@# **.......#####
**,***##y#**,,......* #
*,*,,**##.#*,,,###.,** #
**,**,,,,...,*** **,,**
# *,***,*,☼...* ***,**#
****,**,°#### **,*,
****,## **,* *** ***


You could see a killer bee.

Vanquished Creatures
  An ogre (D:4)
  A necrophage (D:4)
  A scorpion (D:4)
  4 killer bees (D:4)
  A hound (D:4)
  Natasha (thrice) (D:3)
  Terence (D:2)
  Robin (D:2)
  2 adders
  2 worms
  3 dart slugs (D:2)
  6 orcs
  7 endoplasms
  14 goblins
  9 hobgoblins
  4 jackals
  9 kobolds
  3 quokkas
  7 ball pythons
  6 bats
  5 frilled lizards (D:1)
  5 rats
95 creatures vanquished.

Vanquished Creatures (others)
  6 plants (D:3)
6 creatures vanquished.

Grand Total: 101 creatures vanquished

Notes
Turn   | Place    | Note
-------+----------+-------------------------------------------
     0 | D:1      | xian the Spriggan Air Elementalist began the quest for the
                  | Orb.
     0 | D:1      | Reached XP level 1. HP: 9/9 MP: 5/5
   362 | D:1      | Reached XP level 2. HP: 13/13 MP: 0/6
   629 | D:1      | Reached skill level 3 in Spellcasting
   652 | D:1      | Reached skill level 1 in Conjurations
   999 | D:1      | Reached XP level 3. HP: 16/16 MP: 6/8
  1492 | D:2      | Found Velick's Antique Armour Boutique.
  1510 | D:2      | Noticed Terence
  1529 | D:1      | Learned a level 2 spell: Static Discharge
  1533 | D:2      | Killed Terence
  1766 | D:2      | Reached XP level 4. HP: 21/21 MP: 5/10
  2135 | D:2      | Noticed Robin
  2156 | D:2      | Killed Robin
  2157 | D:2      | Reached skill level 4 in Spellcasting
  2661 | D:3      | Found a basalt altar of Yredelemnul.
  2937 | D:3      | Reached XP level 5. HP: 24/24 MP: 4/12
  3007 | D:3      | Learned a level 3 spell: Swiftness
  3017 | D:3      | Found a faded altar of an unknown god.
  3031 | D:3      | Found Harof's General Store.
  3038 | D:3      | Bought a potion of degeneration for 10 gold pieces
  3126 | D:3      | Noticed Natasha
  3131 | D:3      | Killed Natasha
  3224 | D:3      | Noticed Natasha
  3235 | D:3      | Killed Natasha
  3345 | D:3      | Found a radiant altar of Vehumet.
  3352 | D:3      | Noticed Natasha
  3356 | D:3      | Killed Natasha
  3357 | D:3      | Reached skill level 1 in Short Blades
  3364 | D:3      | Became a worshipper of Vehumet
  3963 | D:4      | Reached XP level 6. HP: 27/28 MP: 4/13
  4105 | D:4      | Reached skill level 5 in Spellcasting
  4488 | D:4      | Found a staircase to the Ecumenical Temple.
  4817 | D:4      | Identified the +3 leather armour of the Moon Troll {Int+2}
  4855 | D:4      | Reached XP level 7. HP: 30/32 MP: 7/16
  4871 | D:4      | Gained mutation: You have sharp fingernails. [potion of
                  | mutation]
  4871 | D:4      | Gained mutation: You occasionally shout uncontrollably at
                  | your foes. [potion of mutation]
  4871 | D:4      | HP: 1/32 [poisoned by a killer bee]
  4872 | D:4      | Succumbed to a killer bee's poison

Illustrated notes

Levels and vault maps discovered:
D:1:      onia_arrival_pentagram, layout_basic
D:2:      layout_rooms, serial_shops, nicolae_shop_hallway_stairs, uniq_robin,
          uniq_terence
D:3:      layout_basic, mainiacjoe_overflow_catwalk,
          nicolae_vehumet_altar_sigil, hellmonk_ecumenical_altar_leap_of_faith,
          serial_shops, shop, serial_bayou_lagoon_b, uniq_natasha
D:4:      layout_layer_cave, minmay_temple_entry_slanted

Skill      XL: |  1  2  3  4  5  6  7 |
---------------+----------------------+-----
Air Magic      | 3 4 |  4.7
Spellcasting   | 3 4 5 |  5.5
Conjurations   | 1 2 3 |  3.3
Short Blades   | 1 |  1.5
Dodging        | 3 |  3.0
Fighting       | |  0.1
Stealth        | |  3.7

Action                   |  1- 3 |  4- 6 |  7- 9 || total
-------------------------+-------+-------+-------++-------
Melee: Dagger            |     6 |    17 |    11 ||    34
       Punch             |       |     1 |       ||     1
 Cast: Shock             |    76 |   125 |       ||   201
       Static Discharge  |     3 |    11 |     2 ||    16
  Use: Potion            |       |     1 |     3 ||     4
       Scroll            |       |       |     2 ||     2
Armor: Robe              |     1 |     7 |     5 ||    13
Dodge: Dodged            |     9 |    26 |    36 ||    71
